 Dungeon Crawl Stone Soup version 0.21.1-1-g345015f (webtiles) character file.

59 Matador8 the Poker (level 4, -4/33 HPs)
             Began as a Merfolk Skald on Apr 18, 2018.
             Slain by a gnoll (5 damage)
             ... on level 1 of the Dungeon.
             The game lasted 00:03:52 (927 turns).

Matador8 the Poker (Merfolk Skald)                   Turns: 927, Time: 00:03:52

Health: -4/33      AC:  3    Str: 11    XL:     4   Next: 3%
Magic:  0/7        EV: 12    Int: 13    God:
Gold:   48         SH:  0    Dex: 13    Spells: 6/7 levels left

rFire    . . .     SeeInvis .   a - +0 spear
rCold    . . .     Gourm    .   (no shield)
rNeg     . . .     Faith    .   b - +0 leather armour
rPois    .         Spirit   .   (no helmet)
rElec    .         Reflect  .   (no cloak)
rCorr    .         Harm     .   (no gloves)
MR       .....                  (no boots)
Stlth    +.........             (no amulet)
HPRegen  0.11/turn              (no ring)
MPRegen  0.10/turn              (no ring)

@: infused
A: change form in water, swift swim, stealthy swim
a: no special abilities


You were on level 1 of the Dungeon.
You were not hungry.

You visited 1 branch of the dungeon, and saw 2 of its levels.

You collected 48 gold pieces.

Inventory:

Hand Weapons
 a - a +0 spear (weapon)
Armour
 b - a +0 leather armour (worn)
Scrolls
 e - 3 scrolls of identify {unknown}
 h - a scroll of remove curse {unknown}
 k - a scroll of fog {unknown}
Potions
 f - a potion of invisibility {unknown}
 i - a potion of curing {unknown}
 j - 2 potions of lignification {unknown}
Books
 c - a book of Battle

   Spells                             Type                      Level
   a - Infusion                       Charms                       1
   b - Shroud of Golubria             Charms/Translocation         2
   c - Song of Slaying                Charms                       2
   d - Spectral Weapon                Hexes/Charms                 3
   e - Regeneration                   Charms/Necromancy            3
Comestibles
 d - a ration
 g - 3 chunks of flesh


   Skills:
 - Level 2.1 Fighting
 + Level 4.8 Polearms
 - Level 0.6 Armour
 - Level 2.6 Dodging
 - Level 2.0 Spellcasting
 + Level 4.3 Charms


You had 6 spell levels left.
You knew the following spells:

 Your Spells              Type           Power        Failure   Level  Hunger
a - Infusion              Chrm           ##..         5%          1    ##.....


Dungeon Overview and Level Annotations

Branches:
Dungeon (2/15)

Altars:


Message History

You closely miss the gnoll.
The gnoll is lightly wounded.
The gnoll hits you but does no damage.
You hit the gnoll.
The gnoll is moderately wounded.
The gnoll closely misses you.
You closely miss the gnoll.
The gnoll is moderately wounded.
You barely miss the gnoll.
The gnoll is moderately wounded.
The gnoll hits you.
* * * LOW HITPOINT WARNING * * *
You hit the gnoll but do no damage.
The gnoll is moderately wounded.
The gnoll hits you!
* * * LOW HITPOINT WARNING * * *
You hit the gnoll.
The gnoll is almost dead.
The gnoll hits you.
You die...

.................................
.#...#####.....###...###########.
.#..##≈≈≈##............# #.
.#.##≈≈P≈≈##..####...#.# ####
.###≈≈≈.≈≈≈##..# #...#.# ####...
.##≈≈P.8.P≈≈#..# #...#.# #.....[
###≈≈.....≈≈#..# #...#.####......
..8≈.......≈##.####..#...........
#.'.P8.<.8P≈#...@g...#...........
##8≈.......≈#######..#...###.....
###≈≈.....≈≈# #.........##.##....
# #≈≈P.8.P≈≈# #.....>...#...#....
####≈≈≈.≈≈≈####..........###.....
##.##≈≈P≈≈##.##.........#...#....
....##≈≈≈##..##.........##.##.###
#....#####...##..........#.#..)).
###### ###..............#..÷###


You could see a gnoll.

Vanquished Creatures
  A gnoll (D:1)
  An ooze (D:1)
  2 dart slugs (D:1)
  A leopard gecko (D:1)
  4 bats (D:1)
  4 giant cockroaches (D:1)
  A goblin (D:1)
  7 hobgoblins (D:1)
  7 jackals (D:1)
  2 frilled lizards (D:1)
  4 kobolds (D:1)
  A rat (D:1)
35 creatures vanquished.

Notes
Turn   | Place    | Note
-------+----------+-------------------------------------------
     0 | D:1      | Matador8 the Merfolk Skald began the quest for the Orb.
     0 | D:1      | Reached XP level 1. HP: 16/16 MP: 3/3
    86 | D:1      | Reached XP level 2. HP: 9/22 MP: 0/5
   334 | D:1      | Reached XP level 3. HP: 20/27 MP: 0/6
   919 | D:1      | Reached XP level 4. HP: 20/33 MP: 1/7
   926 | D:1      | HP: 1/33 [gnoll (8)]
   927 | D:1      | Slain by a gnoll

Skill      XL: |  1  2  3 |
---------------+----------+-----
Polearms       | 4 |  4.8
Charms         | 4 |  4.3
Fighting       | |  2.1
Armour         | |  0.6
Dodging        | |  2.6
Spellcasting   | |  2.0

Action                   |  1- 3 |  4- 6 || total
-------------------------+-------+-------++-------
Melee: Spear             |   128 |     8 ||   136
 Cast: Infusion          |     6 |       ||     6
 Stab: Sleeping          |     1 |       ||     1
Armor: Leather armour    |    23 |     1 ||    24
Dodge: Dodged            |    71 |     1 ||    72
